 Dungeon Crawl Stone Soup version 0.25-a0-292-gaa31f046c4 (webtiles) character file.

Game seed: 6263177498150934137, levelgen mode: deterministic

182 Lanoc the Firebug (level 5, -4/45 HPs)
             Began as a Troll Fire Elementalist on Dec 15, 2019.
             Slain by a gnoll
             ... wielding a +0 spear
              (5 damage)
             ... on level 3 of the Dungeon.
             The game lasted 00:05:37 (1529 turns).

Lanoc the Firebug (Troll Fire Elementalist)         Turns: 1529, Time: 00:05:39

Health: -4/45      AC:  8    Str: 16    XL:     5   Next: 34%
Magic:  0/5        EV: 10    Int: 12    God:
Gold:   74         SH:  0    Dex: 10    Spells: 2/6 levels left

rFire    . . .     SeeInvis .   (no weapon)
rCold    . . .     Gourm    +   (no shield)
rNeg     . . .     Faith    .   a - +0 robe
rPois    .         Spirit   .   (helmet restricted)
rElec    .         Reflect  .   e - +1 cloak
rCorr    .         Harm     .   (gloves unavailable)
MR       .....                  (boots unavailable)
Stlth    +.........             (no amulet)
HPRegen  0.55/turn              (no ring)
MPRegen  0.09/turn              (no ring)

@: no status effects
A: large, unfitting armour, claws 3, fast metabolism 3, gourmand, regeneration
1, shaggy fur 1, tough skin 3
a: no special abilities


You were on level 3 of the Dungeon.
You were very full.

You visited 1 branch of the dungeon, and saw 3 of its levels.

You collected 74 gold pieces.

Inventory:

Armour
 a - a +0 robe (worn)
 e - a +1 cloak (worn)
Scrolls
 b - a scroll of remove curse {unknown}
 d - 2 scrolls of identify {unknown}
 g - a scroll of blinking {unknown}
Comestibles
 c - 6 rations


   Skills:
 + Level 2.9 Dodging
 - Level 1.0 Stealth
 - Level 1.2 Spellcasting
 + Level 2.2 Conjurations
 * Level 3.2 Fire Magic


You had 2 spell levels left.
You knew the following spells:

 Your Spells              Type           Power        Failure   Level  Hunger
a - Foxfire               Conj/Fire      #...         10%         1    ##.....
b - Conjure Flame         Conj/Fire      #.......     28%         3    ####...

Your spell library contained the following spells:

 Spells                   Type           Power        Failure   Level  Hunger
 Inner Flame              Hex/Fire       #.......     43%         3    ####...
 Sticky Flame             Conj/Fire      #.......     67%         4    #####..
 Fireball                 Conj/Fire      #.........   95%         5    ######.


Dungeon Overview and Level Annotations

Branches:
Dungeon (3/15)

Altars:
Okawaru


Innate Abilities, Weirdness & Mutations

You are too large for most types of armour.
You have claws for hands.
Your metabolism is lightning-fast.
You like to eat raw meat.
Your natural rate of healing is unusually fast.
You are covered in fur. (AC +1)
You have extremely tough skin. (AC +3)


Message History

You conjure some foxfire!
The foxfire hits the gnoll.
The gnoll is moderately wounded.
The foxfire hits the gnoll.
The gnoll is heavily wounded.
Casting: Foxfire (safe; 10% risk of failure)
Confirm with . or Enter, or press ? or * to list all spells.
You conjure some foxfire!
The gnoll hits you.
* * * LOW HITPOINT WARNING * * *
The gnoll hits you from afar with a +0 spear.
* * * LOW HITPOINT WARNING * * *
Unknown command.
The foxfire hits the gnoll but does no damage.
The gnoll is heavily wounded.
The foxfire hits the gnoll.
The gnoll is severely wounded.
The gnoll hits you.
* * * LOW HITPOINT WARNING * * *
The gnoll hits you from afar with a +0 spear.
You die...

#.. ..# #.# #.#
#.#####.###
#############.##.......
####................##.##.
#..(.#####.##.#.<...##.#..
#.............#........#†.
#..####§####.....##)####..
##.##....@##..#.###.######
#.#....g..#..#.###.......
#.#....g..#..............
#....._......## ##.......
#.#.......#..## #.....†.
#.#.......#.#.# ##.......
#.##.....##..##.##.......
#.####.####.....##.......
#............########.###


You could see 2 gnolls.

Vanquished Creatures
  Terence (D:2)
  6 gnolls
  2 adders
  2 leopard geckos
  A giant cockroach (D:2)
  9 goblins
  3 hobgoblins
  15 jackals
  2 ball pythons
  8 bats
  9 frilled lizards
  14 kobolds
  6 rats
78 creatures vanquished.

Vanquished Creatures (others)
  71 foxfires
71 creatures vanquished.

Grand Total: 149 creatures vanquished

Notes
Turn   | Place    | Note
-------+----------+-------------------------------------------
     0 | D:1      | Lanoc the Troll Fire Elementalist began the quest for the
                  | Orb.
     0 | D:1      | Reached XP level 1. HP: 16/16 MP: 1/1
    55 | D:1      | Reached skill level 1 in Conjurations
    57 | D:1      | Reached XP level 2. HP: 6/24 MP: 0/2
   367 | D:1      | Reached XP level 3. HP: 28/31 MP: 3/3
   881 | D:2      | Noticed Terence
   906 | D:2      | Killed Terence
   906 | D:2      | Reached XP level 4. HP: 14/39 MP: 0/4
  1163 | D:2      | Reached skill level 3 in Fire Magic
  1165 | D:2      | Reached XP level 5. HP: 13/45 MP: 2/5
  1214 | D:2      | Learned a level 3 spell: Conjure Flame
  1425 | D:3      | Found an iron altar of Okawaru.
  1507 | D:3      | HP: 2/45 [gnoll (2)]
  1529 | D:3      | HP: 1/45 [gnoll (4)]
  1529 | D:3      | Slain by a gnoll

Levels and vault maps discovered:
D:1:      lordsloth_arrival_two_stooges, layout_basic
D:2:      layout_rooms, first_ration, uniq_terence
D:3:      layout_loops_cross, old_standard_altar,
          chequers_serial_rivers_large_a, minmay_misc_feat_secret_circle

Skill      XL: |  1  2  3  4 |
---------------+-------------+-----
Conjurations   | 1 2 |  2.2
Dodging        | 2 |  2.9
Fire Magic     | 3 |  3.2
Stealth        | |  1.0
Spellcasting   | |  1.2

Action                   |  1- 3 |  4- 6 || total
-------------------------+-------+-------++-------
Melee: Unarmed           |   126 |    72 ||   198
 Cast: Foxfire           |    22 |    15 ||    37
  Use: Potion            |       |     3 ||     3
 Stab: Sleeping          |       |     2 ||     2
  Eat: Chunk             |    14 |     6 ||    20
Armor: Robe              |    96 |    68 ||   164
Dodge: Dodged            |   109 |    71 ||   180

Table legend:
 A = Non-vault XP
 B = Vault XP
 C = Vault XP percentage of total XP
 D = Non-vault monster count
 E = Vault monster count
 F = Vault count percentage of total count
                 A         B        C        D         E       F
            +---------+---------+-------+---------+---------+-------
      Total |     224 |      36 |  13.8 |      77 |       1 |   1.3
            +---------+---------+-------+---------+---------+-------
        D:1 |      52 |       0 |   0.0 |      34 |       0 |   0.0
        D:2 |     123 |      36 |  22.6 |      35 |       1 |   2.8
        D:3 |      49 |       0 |   0.0 |       8 |       0 |   0.0
            +---------+---------+-------+---------+---------+-------
